 Dungeon Crawl Stone Soup version 0.27-a0-1149-g4505690ab0 (webtiles) character file.

Game seed: 7452425961516551329

51 Lekart the Skirmisher (level 3, -5/37 HPs)
             Began as a Draconian Chaos Knight on May 13, 2021.
             Was a Plaything of Xom.
             Slain by Natasha (9 damage)
             ... on level 3 of the Dungeon.
             The game lasted 00:04:00 (2255 turns).

Lekart the Skirmisher (Draconian Chaos Knight)      Turns: 2255, Time: 00:04:00

Health: -5/37      AC:  5    Str: 14    XL:     3   Next: 57%
Magic:  3/3        EV: 12    Int: 12    God:    Xom [..*...]
Gold:   39         SH:  0    Dex: 11    Spells: 2/2 levels left

rFire    . . .     SeeInvis .   a - +0 falchion (chaos)
rCold    + . .     Faith    .   (no shield)
rNeg     . . .     Spirit   .   (armour unavailable)
rPois    .         Reflect  .   (helmet restricted)
rElec    .         Harm     .   (no cloak)
rCorr    .         Rampage  .   (no gloves)
Will     .....     Clarity  +   (no boots)
Stlth    +.........             (no amulet)
HPRegen  0.12/turn              (no ring)
MPRegen  0.08/turn              (no ring)

@: slowed, very slow
A: AC +5, unfitting armour, cold-blooded, clarity, cold resistance 1, robust 1
a: Renounce Religion


You were on level 3 of the Dungeon.
You worshipped Xom.
You were a toy of Xom.
You visited 1 branch of the dungeon, and saw 3 of its levels.

You collected 39 gold pieces.

Inventory:

Hand Weapons
 a - a +0 falchion of chaos (weapon)


   Skills:
 * Level 4.3 Fighting
 + Level 3.5 Long Blades
 + Level 0.1 Throwing
 + Level 2.4 Dodging


You had 2 spell levels left.
You didn't know any spells.
Your spell library contained the following spells:

 Spells                   Type           Power      Damage    Failure   Level
 Corona                   Hex            0%         N/A       32%         1
 Ensorcelled Hibernation  Hex/Ice        0%         N/A       45%         2
 Confusing Touch          Hex            0%         N/A       69%         3
 Dazzling Flash           Conj/Hex       0%         N/A       69%         3
 Tukima's Dance           Hex            0%         N/A       69%         3


Dungeon Overview and Level Annotations

Branches:
Dungeon (3/15)

Altars:
Ashenzari

Annotations:
D:1 exclusion: downstairs
D:2 Robin
D:3 2 transporters, Froggeryz's ghost, amateur SpAK; Natasha


Innate Abilities, Weirdness & Mutations

Your plain brown scales are hard. (AC +5)
You cannot fit into any form of body armour.
You are cold-blooded and may be slowed by cold attacks.
You possess an exceptional clarity of mind.
Your flesh is cold resistant. (rC+)
You are robust. (+10% HP)


Message History

Natasha is pulled toward you! The orc wizard is pulled toward you!
The orc wizard casts a spell at you. You resist with significant effort.
The orc wizard is pulled toward you! Natasha casts a spell at you.
The magic dart hits you!
* * * LOW HITPOINT WARNING * * *
Natasha is pulled toward you!
As you read the scroll labelled FIDORA SUESI, it crumbles to dust.
It is a scroll of identify.
e - a scroll of blinking Natasha claws you but does no damage.
Okay, then.
The orc warrior is pulled toward you! The orc warrior is pulled toward you!
The orc wizard is pulled toward you! Natasha casts a spell at you.
You resist with significant effort. Natasha is pulled toward you!
The orc warrior is pulled toward you! Natasha claws you but does no damage.
The orc warrior is pulled toward you! The orc wizard is pulled toward you!
Blink to where?
Press: ? - help, Dir - move target
As you read the scroll of blinking, it crumbles to dust.
Natasha is pulled toward you! Natasha is pulled toward you!
Natasha stares at you and mumbles some strange words.
You resist with significant effort. Natasha is pulled toward you!
Natasha casts a spell at you.
You feel yourself slow down. Natasha is pulled toward you! Natasha claws you.
You die... "Hey, that's my toy!"
Xom revives you!
You feel less attractive to monsters.
Unknown command.
Unknown command.
Natasha claws you.
* * * LOW HITPOINT WARNING * * *
You barely miss Natasha. Natasha claws you!
You die...
Xom guffaws!

######..<......<#
##.#....##.#####.# .....
#####.#..#####.# #.# .####
.......#.# #.# #.##### .##...
#####....# #.# #.....# .#8.#
##...# #.# #####.##.#.B## #..##
#.# #.#..#....
######..######.#########...©#....
...............h@...........#W...
######..######.#########.##.#o.##
#..# #.....# #.# .#8.#
...#######.##.# #.# ##©..
##.##......##### #.# ####
##...#..........# #.# ....
##...........###.# #.# #
..........##.## # #.#
#........#...##.####..


You could see Natasha.

Vanquished Creatures
  A dart slug (D:1)
  3 orcs
  A bat (D:1)
  4 endoplasms
  8 goblins
  6 hobgoblins
  4 jackals
  4 kobolds (D:1)
  A quokka (D:1)
  2 ball pythons (D:1)
  2 frilled lizards (D:1)
  A rat (D:1)
37 creatures vanquished.

Vanquished Creatures (others)
  6 plants (D:2)
6 creatures vanquished.

Grand Total: 43 creatures vanquished

Notes
Turn   | Place    | Note
-------+----------+-------------------------------------------
     0 | D:1      | Lekart the Draconian Chaos Knight began the quest for the
                  | Orb.
     0 | D:1      | Reached XP level 1. HP: 19/19 MP: 1/1
   259 | D:1      | XOM: potion effect (haste)
   264 | D:1      | Reached XP level 2. HP: 18/27 MP: 2/2
   486 | D:1      | XOM: silly message
   531 | D:1      | Reached skill level 4 in Fighting
   564 | D:1      | XOM: silly message
   719 | D:1      | XOM: silly message
   856 | D:1      | Reached XP level 3. HP: 26/33 MP: 3/3
  1054 | D:1      | XOM: smoke on damage
  1115 | D:1      | Found a faded altar of an unknown god.
  1341 | D:2      | Noticed Robin
  1349 | D:2      | XOM: smoke on damage
  1702 | D:2      | XOM: god gift: staff of death
  1703 | D:2      | XOM: give mutations
  1703 | D:2      | Gained mutation: You possess an exceptional clarity of
                  | mind. [Xom's grace]
  1703 | D:2      | Gained mutation: You are robust. (+10% HP) [Xom's grace]
  1703 | D:2      | Gained mutation: Your flesh is cold resistant. (rC+) [Xom's
                  | grace]
  1919 | D:3      | XOM: cloud trail
  2193 | D:3      | Found a transporter.
  2193 | D:3      | Found a transporter.
  2193 | D:3      | Noticed Froggeryz's ghost (amateur SpAK)
  2207 | D:3      | Found a broken altar of Ashenzari.
  2216 | D:3      | Noticed Natasha
  2224 | D:3      | Noticed Natasha
  2224 | D:3      | Natasha changed into Natasha the jackal
  2224 | D:3      | XOM: polymorph Natasha -> Natasha the jackal
  2229 | D:3      | Killed Natasha the jackal
  2236 | D:3      | Noticed an orc warrior
  2238 | D:3      | Noticed Natasha
  2252 | D:3      | Xom revived you
  2255 | D:3      | Slain by Natasha

Illustrated notes

Levels and vault maps discovered:
D:1:      wheals_arrival_shading, layout_basic,
          shapermc_ecumenical_altar_mp_vishouse, minmay_liquid_box,
          minmay_misc_feat_rugged
D:2:      layout_basic, serial_bayou_lagoon_a, uniq_robin
D:3:      layout_loops_ring, nicolae_overflow_crystal_walls,
          gammafunk_ghost_arena, uniq_natasha

Skill      XL: |  1  2 |
---------------+-------+-----
Fighting       | 4 |  4.3
Long Blades    | |  3.5
Throwing       | |  0.1
Dodging        | |  2.4

Action                   || total
-------------------------++-------
Melee: Falchion          ||    91
       Tailslap          ||    13
Throw: Dart              ||    27
  Use: Scroll            ||     2
       Potion            ||     2
 Stab: Sleeping          ||     2
Armor: Skin              ||    44
Dodge: Dodged            ||    81
       Rpst.: Falchion   ||    30

Table legend: (Time is in decaauts)
 A = Elapsed time spent in this place.
 B = Non-inter-level travel time spent in this place.
 C = Inter-level travel time spent in this place.
 D = Time resting spent in this place.
 E = Time spent auto-exploring this place.
 F = Levels seen in this place.
 G = Mean time per level.
                   A        B        C        D        E       F      G
               +--------+--------+--------+--------+--------+-----+--------+
         Total |   2262 |   2176 |     86 |    830 |    912 |   3 |  754.0 |
       Dungeon |   2262 |   2176 |     86 |    830 |    912 |   3 |  754.0 |
               +--------+--------+--------+--------+--------+-----+--------+

Top non-repeatable levels by time:
     D:1: 1601 daAuts
     D:3: 360 daAuts
     D:2: 301 daAuts
